Cogmind - Beta 13 @@@ ROGUE MODE // 2024.04.18 @ 23:59:25 Player: opdo Result: Self-destructed Performance ------------- Evolutions (2) 1000 Regions Visited (5) 1000 Robots Destroyed (24) 120 Value Destroyed (416) 416 Prototype IDs (0) 0 Alien Tech Used (0) 0 Bonus (-15) -15 TOTAL SCORE: 2521 Bonus ------- Friendly Fire -15 Cogmind --------- Core Integrity 459/550 Matter 258/300 Energy 100/100 System Corruption 0% Temperature Cool (0) Movement Walking (120) Location -8/Materials Parts ------- > --- POWER (1) -------- (None) > --- PROPULSION (4) --- Improved Aluminum Leg > --- UTILITY (4) ------ Small Storage Unit Structural Scanner > --- WEAPON (2) ------- Assault Rifle > --- INVENTORY (8) ---- Ion Engine Heavy Ion Engine Compact Wheel Compact Wheel Hacking Suite Small Laser Mining Laser Peak State ------------ > --- POWER ------------ Light Nuclear Core > --- PROPULSION ------- Aluminum Leg Aluminum Leg Improved Aluminum Leg > --- UTILITY ---------- Small Storage Unit Structural Scanner Seismic Detector Light Armor Plating > --- WEAPON ----------- Assault Rifle Heavy Assault Rifle > --- INVENTORY -------- Ion Engine Heavy Ion Engine Compact Wheel Compact Wheel Hacking Suite Small Laser Grenade Launcher Mining Laser [Rating: 15] Favorites ----------- Power Ion Engine Engine Ion Engine Power Core Light Nuclear Core Propulsion Aluminum Leg Leg Aluminum Leg Utility Small Storage Unit Device Seismic Detector Storage Small Storage Unit Protection Light Armor Plating Weapon Assault Rifle Energy Gun EM Pulse Gun Ballistic Gun Assault Rifle Launcher Grenade Launcher Build | -11 -10 -10 -10 -9 -8 ------- Run | Yrd Mat Min Exi Min Mat Slots Evolved 4 | . . . . . 4 Power . | . . . . . . Propulsion 2 | . . . . . 2 Utility 2 | . . . . . 2 Weapon . | . . . . . . Parts Attached 18 | 7 2 2 . 1 6 Power 3 | 1 . 1 . . 1 Engine 1 | 1 . . . . . Core 2 | . . 1 . . 1 Reactor . | . . . . . . Propulsion 3 | 2 . . . . 1 Treads . | . . . . . . Leg 3 | 2 . . . . 1 Wheel . | . . . . . . Hover . | . . . . . . Flight . | . . . . . . Utility 4 | 2 . . . . 2 Device 2 | 1 . . . . 1 Storage 1 | 1 . . . . . Processor . | . . . . . . Hackware . | . . . . . . Protection 1 | . . . . . 1 Artifact . | . . . . . . Weapon 8 | 2 2 1 . 1 2 Energy Gun 2 | 2 . . . . . Energy Cannon . | . . . . . . Ballistic Gun 4 | . 1 1 . 1 1 Ballistic Cannon . | . . . . . . Launcher 2 | . 1 . . . 1 Special Weapon . | . . . . . . Impact Weapon . | . . . . . . Slashing Weapon . | . . . . . . Piercing Weapon . | . . . . . . Special Melee Weapon . | . . . . . . Unidentified Prototypes . | . . . . . . Corrupted Parts 1 | . . 1 . . . System Corruption 5 | . . 5 . . . Parts Lost 8 | . . 1 . . 7 Power 1 | . . . . . 1 Propulsion 2 | . . . . . 2 Utility 2 | . . . . . 2 Weapon 3 | . . 1 . . 2 Highest Loss Streak 7 | . . 1 . . 7 To Critical Strikes . | . . . . . . Average Slot Usage (%) 95 | . 100 99 100 100 80 Engine 7 | . 14 13 . . . Core 5 | . . . 14 14 8 Leg 27 | . 28 28 28 28 24 Device 14 | . 14 14 14 14 14 Storage 12 | . 14 14 14 14 9 Protection 1 | . . . . . 5 Energy Gun 7 | . 19 12 . . . Ballistic Gun 17 | . 9 14 28 28 17 Naked Turns . | . . . . . . Heaviest Build 21 | 14 15 15 14 16 21 Greatest Support 33 | 20 20 20 20 20 33 Greatest Overweight (x) 4 | 4 . . . . . Average Overweight (x) . | . . . . . . Largest Inventory Capacity 8 | 8 8 8 8 8 8 Average Capacity 7 | 7 8 8 8 8 8 Most Carried 8 | 5 8 8 8 8 8 Average Carried 7 | 3 5 7 8 8 7 Final Capacity 8 | 8 8 8 8 8 8 Final Carried 8 | 4 8 8 8 8 7 Class Distribution -------------------- 86% | Mutant 13% | Scavenger-Mutant Dominant Class ---------------- Mutant | -10/Materials Mutant | -10/Mines Mutant | -10/Exiles Mutant | -9/Mines Scavenger-Mutant | -8/Materials Resources | -11 -10 -10 -10 -9 -8 ----------- Run | Yrd Mat Min Exi Min Mat Matter Collected 546 | 136 19 176 77 28 110 Remotely . | . . . . . . Salvage Created 564 | 22 89 146 . . 307 Parts 38 | 3 7 5 . . 23 Haulers Intercepted . | . . . . . . Recyclers Shooed . | . . . . . . Parts Field Recycled . | . . . . . . Retrieved Matter . | . . . . . . Parts Self-Destructed . | . . . . . . Prevented . | . . . . . . Kills | -11 -10 -10 -10 -9 -8 ------- Run | Yrd Mat Min Exi Min Mat Combat Hostiles Destroyed 21 | . 6 5 . . 10 Guns 15 | . 4 5 . . 6 AOE 6 | . 2 . . . 4 Classes Destroyed 6 | 1 1 1 . . 3 Tunneler 1 | 1 . . . . . Recycler 1 | . . . . . 1 Watcher 1 | . . . . . 1 Swarmer 16 | . 6 3 . . 7 Grunt 3 | . . 2 . . 1 Sentry 2 | . . . . . 2 Best Kill Streak 10 | 1 3 3 . . 10 Combat Bots Only 8 | . 3 3 . . 8 Max Kills in Single Turn 4 | 1 3 1 . . 4 Gunslinging 1 | . 1 . . . . Exploded 3 | . 2 . . . 3 Melee . | . . . . . . Uniques/NPCs Destroyed . | . . . . . . Combat | -11 -10 -10 -10 -9 -8 -------- Run | Yrd Mat Min Exi Min Mat Hostile Shots Fired 127 | . 18 32 . 2 75 Missed 36 | . 6 10 . 1 19 Damage Taken 1063 | . 101 209 . 17 736 Core 220 | . 54 58 . 17 91 Absorbed by Shields . | . . . . . . Core Remaining (%) 74 | 100 . . . 48 . Volleys Fired 47 | 4 6 17 . 1 19 Largest 2 | 2 2 2 . 2 2 Hottest 80 | 80 70 60 . 40 53 Shots Fired 87 | 8 12 32 . 2 33 Gun 82 | 8 11 32 . 2 29 Cannon . | . . . . . . Launcher 5 | . 1 . . . 4 Special . | . . . . . . Kinetic 56 | . 5 20 . 2 29 Thermal 4 | 4 . . . . . Explosive 5 | . 1 . . . 4 Electromagnetic 22 | 4 6 12 . . . Robot Hit Streak 14 | 2 3 14 . 1 8 Robot Miss Streak 5 | 5 4 4 . 1 1 Penetration Max . | . . . . . . Secondary Targets 3 | . 1 2 . . . Max Gunslinging Chain 1 | . 1 1 . . . Shots Hit Robots 53 | 3 6 20 . 1 23 Core Hits 38 | 1 7 8 . . 22 Critical Kills . | . . . . . . Critical Parts Destroyed . | . . . . . . Critical Strikes . | . . . . . . Melee Attacks . | . . . . . . Impact . | . . . . . . Slashing . | . . . . . . Piercing . | . . . . . . Sneak Attacks . | . . . . . . Combat Hostiles . | . . . . . . Follow-up Attacks . | . . . . . . Damage Inflicted 1376 | 46 251 286 . 21 772 Guns 709 | 46 91 237 . 21 314 Cannons . | . . . . . . Explosions 649 | . 160 36 . . 453 Melee . | . . . . . . Ramming 18 | . . 13 . . 5 Kinetic 502 | . 24 143 . 21 314 Thermal 57 | 21 . 36 . . . Explosive 613 | . 160 . . . 453 Electromagnetic 186 | 25 67 94 . . . Impact . | . . . . . . Slashing . | . . . . . . Piercing . | . . . . . . Highest Corruption 5 | . . 5 5 5 . Average Corruption 5 | . . 5 5 5 . Corruption Purged . | . . . . . . Corruption Blocked . | . . . . . . Effects 9 | . . . 6 3 . Message Errors 2 | . . . 2 . . Matter Fused 6 | . . . 4 2 . Heat Flow Errors 1 | . . . . 1 . Overload Shots . | . . . . . . Overflow Damage 16 | . . . . . 16 Projectiles . | . . . . . . Explosions 16 | . . . . . 16 Melee . | . . . . . . Knockbacks . | . . . . . . Impact . | . . . . . . Kinetic . | . . . . . . Secondary . | . . . . . . Self-Inflicted Damage 22 | . . . . . 22 Shots 2 | . . . . . 2 Rammed . | . . . . . . Targets Rammed 2 | . . 1 . . 1 Kicked 2 | . . 1 . . 1 Crushed . | . . . . . . Highest Temperature 182 | 54 9 33 . 182 7 Average Temperature 31 | 25 6 15 . 79 3 Received Heat Transfer 264 | . . 66 . . 198 Siege Activations . | . . . . . . Robots Corrupted . | . . . . . . Combat Hostiles . | . . . . . . Parts Fried . | . . . . . . Impact Corruptions . | . . . . . . Robots Melted . | . . . . . . Combat Hostiles . | . . . . . . Parts Melted . | . . . . . . Heat Transferred 100 | 50 . 50 . . . Parts Sabotaged . | . . . . . . Parts Stolen . | . . . . . . Parts Stripped . | . . . . . . Power Chain Reactions 1 | . . 1 . . . Alert | -11 -10 -10 -10 -9 -8 ------- Run | Yrd Mat Min Exi Min Mat Peak Influence 281 | 5 204 155 . 15 281 Initial 79 | . 3 79 . . 5 Average 75 | . 103 79 . 9 94 Maximum Alert Level 1 | . 1 . . . 1 Low Security (%) 95 | 100 91 100 . 100 87 Level 1 4 | . 8 . . . 12 Level 2 . | . . . . . . Level 3 . | . . . . . . Level 4 . | . . . . . . Level 5 . | . . . . . . High Security . | . . . . . . Max Security . | . . . . . . Squads Dispatched 4 | . 3 . . . 1 Investigation 3 | . 2 . . . 1 Extermination . | . . . . . . Reinforcement 1 | . 1 . . . . Assault . | . . . . . . Garrison . | . . . . . . Intercept . | . . . . . . Searches Triggered . | . . . . . . Construction Impeded . | . . . . . . Haulers Reinforced . | . . . . . . Active Scanning Responses . | . . . . . . Cargo Convoy Interrupts . | . . . . . . Stealth | -11 -10 -10 -10 -9 -8 --------- Run | Yrd Mat Min Exi Min Mat Distress Signals 3 | . 1 . . . 2 Communications Jammed . | . . . . . . Distress Signals . | . . . . . . Times Spotted 29 | . 8 5 . 1 15 Peak Tracking Total 9 | . 4 3 . 2 9 Tactical Retreats . | . . . . . . Traps | -11 -10 -10 -10 -9 -8 ------- Run | Yrd Mat Min Exi Min Mat Traps Triggered 1 | . . . . . 1 Indirectly . | . . . . . . Trap Hack Attempts . | . . . . . . Triggered . | . . . . . . Disarmed . | . . . . . . Reprogrammed . | . . . . . . Reused . | . . . . . . Traps Extracted . | . . . . . . Installed . | . . . . . . Triggered . | . . . . . . Machines | -11 -10 -10 -10 -9 -8 ---------- Run | Yrd Mat Min Exi Min Mat Machines Disabled . | . . . . . . Max in Single Turn . | . . . . . . Machines Repaired . | . . . . . . Machines Dismantled . | . . . . . . Machines Sabotaged . | . . . . . . Overloaded Fab Kills . | . . . . . . Hacking | -11 -10 -10 -10 -9 -8 --------- Run | Yrd Mat Min Exi Min Mat Machines Accessed 9 | . 5 . 1 . 3 Terminals 7 | . 4 . . . 3 Fabricators . | . . . . . . Repair Stations . | . . . . . . Recycling Units 1 | . 1 . . . . Scanalyzers . | . . . . . . Garrison Access . | . . . . . . Total Hacks 23 | . 12 . 1 . 10 Successful 12 | . 6 . 1 . 5 Failed 11 | . 6 . . . 5 Catastrophic 5 | . 4 . . . 1 Database Lockouts . | . . . . . . Manual 15 | . 8 . . . 7 Terminals 21 | . 11 . . . 10 Fabricators . | . . . . . . Repair Stations . | . . . . . . Recycling Units 1 | . 1 . . . . Scanalyzers . | . . . . . . Garrison Access . | . . . . . . Terminal Hacks 7 | . 3 . 1 . 3 Record 1 | . . . 1 . . Terminal Index 1 | . . . . . 1 Alert Level 1 | . 1 . . . . Locate Traps 1 | . 1 . . . . Recall Investigation 1 | . . . . . 1 Zone Layout 2 | . 1 . . . 1 Fabricator Hacks . | . . . . . . Repair Station Hacks . | . . . . . . Recycling Unit Hacks . | . . . . . . Scanalyzer . | . . . . . . Garrison Access Hacks . | . . . . . . Unauthorized Hacks 5 | . 3 . . . 2 Terminals 4 | . 2 . . . 2 Botnet 3 | . 1 . . . 2 Operators 1 | . 1 . . . . Fabricators . | . . . . . . Repair Stations . | . . . . . . Recycling Units 1 | . 1 . . . . Tunnel 1 | . 1 . . . . Scanalyzers . | . . . . . . Garrison Access . | . . . . . . Data Cores Recovered . | . . . . . . Used . | . . . . . . Hacking Detections 7 | . 4 . . . 3 Full Trace Events 1 | . 1 . . . . Feedback Events . | . . . . . . Feedback Blocked . | . . . . . . Robot Schematics Acquired . | . . . . . . Robots Built . | . . . . . . Authchips . | . . . . . . Time . | . . . . . . Total Robot Build Rating . | . . . . . . Part Schematics Acquired . | . . . . . . Parts Built . | . . . . . . Authchips . | . . . . . . Time . | . . . . . . Total Part Build Rating . | . . . . . . Parts Repaired . | . . . . . . Time . | . . . . . . Parts Recycled . | . . . . . . Recycled Matter . | . . . . . . Retrieved Matter . | . . . . . . Retrieved Components . | . . . . . . Parts Scanalyzed . | . . . . . . Part Schematics Acquired . | . . . . . . Parts Damaged . | . . . . . . Bothacking | -11 -10 -10 -10 -9 -8 ------------ Run | Yrd Mat Min Exi Min Mat Used RIF Installer . | . . . . . . Robots Hacked . | . . . . . . Non-combat . | . . . . . . Combat . | . . . . . . Robot Hacks Applied . | . . . . . . Relay Couplers Released . | . . . . . . Fabnet Peak Effective % . | . . . . . . Robots Rewired . | . . . . . . Allies Hacked . | . . . . . . Hacks Repelled . | . . . . . . Allies | -11 -10 -10 -10 -9 -8 -------- Run | Yrd Mat Min Exi Min Mat Total Allies . | . . . . . . Largest Group . | . . . . . . Highest-Rated Group . | . . . . . . Highest-Rated Ally . | . . . . . . Total Orders . | . . . . . . Ally Attacks . | . . . . . . Total Damage . | . . . . . . Kills . | . . . . . . Allies Corrupted . | . . . . . . Allies Melted . | . . . . . . Intel | -11 -10 -10 -10 -9 -8 ------- Run | Yrd Mat Min Exi Min Mat Robot Analysis Total . | . . . . . . Derelict Logs Recovered 3 | . . 2 . 1 . Drone Launches . | . . . . . . Drone Recoveries . | . . . . . . Exploration | -11 -10 -10 -10 -9 -8 ------------- Run | Yrd Mat Min Exi Min Mat Turns Passed 1635 | 86 280 541 236 143 349 Spaces Moved 1197 | 49 213 400 197 115 223 Core 11 | 11 . . . . . Treads . | . . . . . . Legs 1186 | 38 213 400 197 115 223 Wheels . | . . . . . . Hover . | . . . . . . Flight . | . . . . . . Fastest Speed 50 | 50 120 120 120 120 120 Average Speed 120 | 121 120 120 120 120 120 Slowest Speed 250 | 250 120 120 120 120 120 Overloaded Moves . | . . . . . . Propulsion Burnouts . | . . . . . . Robots Hopped . | . . . . . . Cave-ins Triggered . | . . . . . . Exploration Rate (%) 42 | 3 49 97 58 20 25 Regions Visited 5 Branch Regions 3 Pre-discovered Areas 2 | . 1 . 1 . . Known Exits Taken . | . . . . . . Unknown Exits Taken 5 | 1 1 1 1 1 . Scrap Searched 2 | . . 2 . . . Spaces Dug . | . . . . . . Terrain Destroyed 30 | . 10 6 . . 14 Melee . | . . . . . . Projectile . | . . . . . . AOE 30 | . 10 6 . . 14 Terrain Rammed . | . . . . . . Walls Destroyed . | . . . . . . Machines Disabled . | . . . . . . Actions | -11 -10 -10 -10 -9 -8 --------- Run | Yrd Mat Min Exi Min Mat Total 1303 | 64 224 429 196 120 270 Wait 28 | . . 10 . 1 17 Move 1192 | 48 212 399 196 114 223 Hop . | . . . . . . Pick Up 12 | 5 4 . . 1 2 Fast Attach 8 | 6 . . . . 2 Attach 5 | 1 . 1 . . 3 Detach 1 | . . . . . 1 Swap 5 | . 2 1 . 1 1 Drop 3 | . . . . 2 1 Fire 47 | 4 6 17 . 1 19 Melee . | . . . . . . Ram . | . . . . . . Kick 2 | . . 1 . . 1 Crush . | . . . . . . Escape Stasis . | . . . . . . Rewire . | . . . . . . Trap . | . . . . . . Miscellaneous . | . . . . . . Route ------- -11/Scrapyard -10/Materials (discovered 2 exits: [Mat] / [*Min]) -10/Mines (discovered 3 exits: [*Mat x2] / *Exi) -10/Exiles -9/Mines -8/Materials (discovered 1 exit: Fac) History --------- Turn | Location | Event 30 | -11/Scrapyard | Discovered new exit (range 15) 87 | -11/Scrapyard | Entered Materials 218 | -10/Materials | Discovered new exit (range 11) 304 | -10/Materials | Build established: Mutant 353 | -10/Materials | Discovered new exit (range 7) 367 | -10/Materials | Entered Mines 403 | -10/Mines | Learned Materials terminal intel 618 | -10/Mines | Discovered new exit (range 15) 734 | -10/Mines | Learned location of 1 exit from Materials 820 | -10/Mines | Discovered new exit (range 10) 904 | -10/Mines | Deemed a non-threat by the Exiles lab entrance 904 | -10/Mines | Discovered new exit (range 5) 908 | -10/Mines | Entered Exiles 941 | -10/Exiles | Met 8R-AWN 958 | -10/Exiles | Met EX-HEX 1004 | -10/Exiles | Met EX-DEC 1010 | -10/Exiles | Learned location of Zion (-6) 1127 | -10/Exiles | Discovered new exit (range 14) 1144 | -10/Exiles | Entered Mines 1168 | -9/Mines | Discovered new exit (range 9) 1173 | -9/Mines | YI-UF0 nonchalantly dropped a Grenade Launcher on the ground 1195 | -9/Mines | Joined a pair of Derelicts in attacking an 0b10 outpost 1198 | -9/Mines | Core integrity fell below 50% 1262 | -9/Mines | Learned 2 Materials zone layouts 1287 | -9/Mines | Entered Materials 1287 | -8/Materials | Evolved 4 slots: Propulsion x2, Utility x2 1288 | -8/Materials | Identified exit to Factory 1290 | -8/Materials | Loaded intel: 12 terminal locations 1636 | -8/Materials | Self-destructed Last Messages --------------- 01592_ R-06 Scavenger destroyed. 01592_ K-01 Serf collects debris. 01597_ S-10 Pest destroyed. 01598_ W-25 Informer sends out distress signal. 01599_ W-25 Informer destroyed. 01599_ K-01 Serf collects debris. 01605_ G-47 Trooper destroyed. 01605_ Lgt. Nuclear Core destroyed. 01605_ Destroyed Lgt. Nuclear Core. 01606_ Aluminum Leg destroyed. 01609_ Lgt. Armor Plating destroyed. 01610_ Grenade Launcher destroyed. 01615_ Aluminum Leg destroyed. 01620_ S-10 Pest destroyed. 01621_ Seismic Detector destroyed. 01623_ S-10 Pest destroyed. 01628_ Atomic Centrifuge disabled. 01629_ Acquired 28 matter. 01630_ U-05 Engineer lays Concrete. 01631_ Hvy. Assault Rifle destroyed. Map ----- +----------------------------------------------------+ | ?????????????????????????????????????????????????? | | ?????????????????????????????????????????????????? | | ?????????????????????????????????????????????????? | | ?????????????????????????????????????????????????? | | ?????????????????????????????????????????????????? | | ?????????????????????????????????????????????????? | | ?????????????????????????????????????????????????? | | ?????????????????????????????????????????????????? | | ?????????????????????????????????????????????????? | | ????????????????????????????????????????????"T"??? | | ????????????????????????????????????????????"""??? | | ?????????????????????????????????????????????????? | | ????????????????? # ?????????????????????????????? | | ????????????????? + ?????????????????????????????? | | ????????????????? # ?????????????????????????????? | | ????????????????? # ? ########## ????????????????? | | ??????????"T"???? # ###########????????????????? | | ??????????""" ?? # #! ##????????????????? | | ??????????#####??## # """ ##????????????????? | | ????????? [ ##??## # """ ##????????????????? | | ????????? / ?? + """ !##????????????????? | | ???# ??"" ##??## # ##????????????????? | | ???## """"" ]##??## # """ ##????????????????? | | ???## """"" ##??## # g "" ##????????????????? | | ???## """"" !##?### #gY""" ##????????????????? | | ???## """ ##?### #=w@ ###???????????????? | | ???## ###### =#/#########???????????????? | | ##### ###### #% ##???????????????? | | ##########+###### # """##???????????????? | | # # #### **[ """##???????????????? | | # # ##### %** """##???????????????? | | # """ + T % ##???????????????? | | # """ # #### != " " ##???????????????? | | # """ # ##### ="R" ##???????????????? | | # #### ############ """ =##???????????????? | | ##+######## ############ ##???????????????? | | ## # # ##############+#######???????????????? | | ## # # ##### # #######???????????????? | | ## # """ + + # ##????????????????????? | | # # """ # ##### # ##????????????????????? | | # # """ !# ##### """# ##????????????????????? | | # # # ##?## """# #?????????????????????? | | # ######## ##?## """# #?????????????????????? | | %+ ######## ##?## """# #?????????????????????? | | # ##????## ##?## """# #?????????????????????? | | # ##??#### ##### # ########??????????????? | | ## ##??#### #########+#### # #??????????????? | | ## ###### ##### ## # T #??????????????? | | ## ###### ## # #??????????????? | | + % + #??????????????? | +----------------------------------------------------+ Best States ------------- Heat Dissipation 31 Energy Generation 14 Energy Capacity 250 Matter Stores 300 Matter Capacity 300 Sight Range 16 Terrain Scan Density 10 Armor Coverage 150 Evasion (%) 55 Item Schematics ----------------- None Robot Schematics ------------------ None Fabricated ------------ Nothing Alien Tech Used ----------------- None Achievements -------------- None Challenges ------------ None Game ------ Seed LinearStormChainsword Manual? 0 Play Time 00:14:02 Cumulative 42.3 hours Start 2024.04.18 @ 23:47:59 End 2024.04.18 @ 23:59:25 Sessions 1 Manual Loads 0 Difficulty Rogue Special Mode None Game No. 114 Rogue 112 Adventurer 2 Explorer 0 Win Type - Total 0 Types 0/0/0/0/0/0/0/0/0 Lore% 34 Gallery% 48 Achievement% 34 Wizard Run 0 Options --------- Layout 2 ASCII 0 Keyboard 0 Movement Arrows Keybinds 0 Fullscreen 2 Font 24/Smallcaps Map View 50x44 Zoom Use 0% Tactical HUD 1 Map Filters NONE Filters NONE Steam 1 RUN: a911afc2-c5e5-4af9-8f40-20d514cc15d2